 Dungeon Crawl Stone Soup version 0.23-a0-819-g6debee6 (webtiles) character file.

4462 Blackhawk the Skirmisher (level 10, -1/81 HPs)
             Began as a Demonspawn Fighter on Jan 22, 2019.
             Was a Priest of Ru.
             Killed from afar by a smoke demon (4 damage)
             ... with a sticky flame
             ... summoned by a kobold demonologist
             ... in a bailey.
             The game lasted 00:32:50 (11045 turns).

Blackhawk the Skirmisher (Demonspawn Fighter)      Turns: 11045, Time: 00:32:51

Health: -1/81      AC: 16    Str: 19    XL:     10   Next: 15%
Magic:  10/10      EV: 11    Int:  9    God:    Ru [***...]
Gold:   431        SH: 11    Dex: 14    Spells: 9/9 levels left

rFire    . . .     SeeInvis .   a - +0 war axe
rCold    + . .     Gourm    +   c - +1 shield
rNeg     . . .     Faith    .   k - +0 chain mail
rPois    .         Spirit   .   (helmet restricted)
rElec    .         Reflect  .   (no cloak)
rCorr    .         Harm     .   b - +1 pair of gloves
MR       .....                  m - +2 pair of boots
Stlth    ..........             G - amulet of the gourmand
HPRegen  0.23/turn              x - ring of protection from cold
MPRegen  0.12/turn              A - +5 ring of evasion

@: liquid flames, glowing, drained
A: antennae 1, rugged brown scales 1, powered by death 1, no stealth, no air
magic, no conjurations magic, no necromancy magic, unskilled 1
a: Draw Out Power, Renounce Religion


You were in a bailey.
You worshipped Ru.
Ru was most pleased with you.
You were completely stuffed.

You visited 1 branch of the dungeon, and saw 9 of its levels.
You also visited: Ossuary and Bailey.

You collected 431 gold pieces.

Inventory:

Hand Weapons
 a - a +0 war axe (weapon)
 I - a +0 battleaxe
Missiles
 y - a throwing net (quivered)
Armour
 b - a +1 pair of gloves (worn)
 c - a +1 shield (worn)
 k - a +0 chain mail (worn)
 m - a +2 pair of boots (worn)
Jewellery
 x - a ring of protection from cold (left hand)
 A - a +5 ring of evasion (right hand)
 D - an uncursed ring of flight
 G - an amulet of the gourmand (around neck)
Wands
 n - a wand of random effects (15)
 t - a wand of disintegration (5)
 C - a wand of iceblast (17)
Scrolls
 e - 10 scrolls of remove curse
 g - 2 scrolls of magic mapping
 q - a scroll of noise {unknown}
 r - 2 scrolls of enchant armour
 s - 2 scrolls of fear
 E - 2 scrolls of teleportation
 H - a scroll of acquirement {unknown}
 J - 2 scrolls of enchant weapon {unknown}
Potions
 d - 2 potions of might
 h - a potion of degeneration {unknown}
 i - 7 potions of curing
 j - 2 potions of magic {unknown}
 l - 4 potions of brilliance
 o - a potion of ambrosia {unknown}
 p - a potion of agility {unknown}
 u - 5 potions of flight
 v - 4 potions of mutation {unknown}
 w - 6 potions of heal wounds
 z - a potion of haste {unknown}
 B - a potion of cancellation {unknown}
 F - a potion of lignification {unknown}
Comestibles
 f - 19 rations
 K - 9 chunks of flesh


   Skills:
 + Level 7.2(6.9) Fighting
 + Level 6.2(5.9) Axes
 + Level 6.6(6.3) Armour
 + Level 2.2(1.9) Dodging
 + Level 6.5(6.3) Shields


You had 9 spell levels left.
You didn't know any spells.
Your spell library contained the following spells:

 Spells                   Type           Power        Failure   Level  Hunger
 Leda's Liquefaction      Hex/Erth       #.........   100%        4    #####..
 Summon Forest            Summ/Tloc      #.........   100%        5    ######.
 Hydra Form               Tmut           #.........   100%        6    #######
 Summon Hydra             Summ           #.........   100%        7    #######
 Corpse Rot               Necr           Unusable     N/A         2    N/A
 Stone Arrow              Conj/Erth      Unusable     N/A         3    N/A

Dungeon Overview and Level Annotations

Branches:
Dungeon (9/15)             Temple (0/1) D:6            Lair (0/6) D:9
    Orc: D:9-12

Altars:
Dithmenos
Elyvilon
Fedhas
Gozag
Ru
Zin

Annotations:
D:3 1 runed door
D:7 3 runed doors, lyrin's ghost, novice MfSk


Innate Abilities, Weirdness & Mutations

You have a pair of small antennae on your head.
You are partially covered in rugged brown scales. (AC +1, +3% HP)
You regenerate a little health from kills.
You cannot be stealthy.
You cannot study or cast Air magic.
You cannot study or cast Conjurations magic.
You cannot study or cast Necromancy magic.
You are somewhat unskilled. (-1 Apt)


Message History

You hit the orc warrior but do no damage.
You feel less exhausted.
The orc warrior hits you but does no damage.
The neqoxec hits you.
* * * LOW HITPOINT WARNING * * *
The kobold demonologist gestures wildly while chanting.
The smoke demon gestures at you. The sticky flame hits you.
You are covered in liquid flames!
* * * LOW HITPOINT WARNING * * *
The neqoxec hits you.
* * * LOW HITPOINT WARNING * * *
You are covered in liquid flames!
* * * LOW HITPOINT WARNING * * *
You block the orc warrior's attack.
The kobold demonologist hits you but does no damage.
The smoke demon gestures at you. The sticky flame hits you.
You are covered in liquid flames!
You die...

..# #≈≈≈≈≈# 8.#
#≈≈≈≈≈#
g.######≈≈≈≈≈#
o....#.≈≈≈≈≈≈#
.g55§#5≈≈≈≈≈.######
###''#.≈≈≈≈≈.)...§#
.....#.≈≈≈≈≈....§4###
.....'...........K.§#
..⌠..'.........o@3)∩#
.....'.........))3).#
.....#.≈≈≈≈≈......###
###++#.≈≈≈≈≈......#
#.≈≈≈≈≈.######
#.≈≈≈≈≈≈# ###≈≈≈≈≈#
#≈≈≈≈≈# #≈≈≈≈≈#


You could see an orange demon, a kobold demonologist, a smoke demon, a neqoxec
and an orc warrior.

Vanquished Creatures
  A kobold demonologist (Bailey)
  A troll (D:9)
  A hornet (D:7)
  A spriggan (D:7)
  2 black bears
  An orc warrior (Bailey)
  2 sky beasts
  4 ogres
  3 phantoms
  3 centaurs
  4 bullfrogs
  An elf zombie (Ossuary)
  A big kobold (D:8)
  A water moccasin zombie (D:4)
  2 gnoll sergeants
  2 howler monkeys (D:4)
  An electric eel (Bailey)
  4 crimson imps
  5 jellies
  4 hounds
  2 orc priests
  A quasit (D:5)
  A bullfrog zombie (D:7)
  A human zombie (Ossuary)
  5 orc wizards
  A bullfrog skeleton (D:7)
  3 iguanas
  8 worker ants
  2 big kobold zombies (Ossuary)
  A hound zombie (D:4)
  Robin (D:3)
  2 mummies (Ossuary)
  A worker ant zombie (D:5)
  11 adders
  13 gnolls
  7 oozes
  3 adder zombies
  An adder skeleton (D:7)
  3 worms
  2 dart slugs
  4 leopard geckos
  27 orcs
  8 bats
  11 giant cockroaches
  27 goblins
  14 hobgoblins
  3 jackals (D:9)
  4 quokkas
  6 frilled lizards
  10 hobgoblin zombies (Ossuary)
  A jackal zombie (Ossuary)
  13 kobolds
  11 kobold zombies (Ossuary)
  A leopard gecko zombie (D:6)
  6 orc zombies (Ossuary)
  14 rats
  2 rat zombies (Ossuary)
275 creatures vanquished.

Vanquished Creatures (others)
  2 orc warriors (Bailey)
  An orc (Bailey)
  A jackal (D:9)
  5 fungi (D:4)
  6 toadstools (D:4)
15 creatures vanquished.

Grand Total: 290 creatures vanquished

Notes
Turn   | Place    | Note
-------+----------+-------------------------------------------
     0 | D:1      | Blackhawk the Demonspawn Fighter began the quest for the
                  | Orb.
     0 | D:1      | Reached XP level 1. HP: 18/18 MP: 1/1
   375 | D:1      | Gained mutation: You are partially covered in rugged brown
                  | scales. (AC +1, +3% HP) [demonic ancestry]
   375 | D:1      | Reached XP level 2. HP: 16/24 MP: 2/2
  1126 | D:2      | Reached XP level 3. HP: 28/29 MP: 3/3
  1624 | D:2      | Reached XP level 4. HP: 36/36 MP: 4/4
  2194 | D:3      | Found a runed door.
  2282 | D:3      | Noticed Robin
  2301 | D:3      | Killed Robin
  2521 | D:3      | Found a white marble altar of Elyvilon.
  2536 | D:3      | Reached XP level 5. HP: 42/43 MP: 5/5
  2747 | D:3      | Found a faded altar of an unknown god.
  2766 | D:3      | Reached skill level 4 in Fighting
  3631 | D:4      | Reached XP level 6. HP: 38/50 MP: 6/6
  3716 | D:4      | Found a sacrificial altar of Ru.
  3787 | D:4      | Gained mutation: You have a pair of small antennae on your
                  | head. [demonic ancestry]
  3787 | D:4      | Reached XP level 7. HP: 21/56 MP: 7/7
  3811 | D:4      | Became a worshipper of Ru the Awakened
  4205 | D:4      | Reached skill level 5 in Fighting
  5325 | D:5      | Entered Level 5 of the Dungeon
  5359 | D:5      | Reached skill level 5 in Armour
  5359 | D:5      | Reached skill level 5 in Shields
  5359 | D:5      | Reached XP level 8. HP: 64/64 MP: 8/8
  5657 | D:5      | Found a shadowy altar of Dithmenos.
  6206 | D:5      | Gained mutation: You cannot study or cast Air magic. [Ru
                  | sacrifice]
  6206 | D:5      | Gained mutation: You cannot study or cast Necromancy magic.
                  | [Ru sacrifice]
  6206 | D:5      | Gained mutation: You cannot study or cast Conjurations
                  | magic. [Ru sacrifice]
  6206 | D:5      | Reached * piety under Ru
  6250 | D:5      | Found a glowing silver altar of Zin.
  6577 | D:5      | Found a white marble altar of Elyvilon.
  6683 | D:5      | Reached skill level 6 in Fighting
  6683 | D:5      | Reached skill level 5 in Axes
  6845 | D:6      | Found a blossoming altar of Fedhas.
  7313 | D:6      | Found a staircase to the Ecumenical Temple.
  7940 | D:7      | Reached XP level 9. HP: 67/73 MP: 9/9
  8302 | D:7      | Reached skill level 7 in Fighting
  8303 | D:7      | Gained mutation: You are somewhat unskilled. (-1 Apt) [Ru
                  | sacrifice]
  8303 | D:7      | Reduced skill Fighting to level 6
  8303 | D:7      | Reduced skill Armour to level 5
  8303 | D:7      | Reduced skill Shields to level 5
  8303 | D:7      | Reached ** piety under Ru
  8303 | D:7      | Reached *** piety under Ru
  8381 | D:7      | Found a sand-covered staircase.
  8410 | Ossuary  | Entered an ossuary
  9021 | D:7      | Found a runed gate.
  9023 | D:7      | Found a runed gate.
  9023 | D:7      | Found an opulent altar of Gozag.
  9023 | D:7      | Found a runed gate.
  9024 | D:7      | Noticed a tengu warrior
  9024 | D:7      | Noticed lyrin's ghost (novice MfSk)
  9954 | D:8      | Reached skill level 1 in Dodging
 10202 | D:8      | Reached skill level 7 in Fighting
 10497 | D:9      | Found a staircase to the Lair.
 10503 | D:9      | Gained mutation: You cannot be stealthy. [Ru sacrifice]
 10776 | D:9      | Noticed a troll
 10781 | D:9      | Killed a troll
 10781 | D:9      | Gained mutation: You regenerate a little health from kills.
                  | [demonic ancestry]
 10781 | D:9      | Reached XP level 10. HP: 81/81 MP: 10/10
 10800 | D:9      | Found a flagged portal.
 10818 | Bailey   | Entered a bailey
 10979 | Bailey   | Found an iron altar of Okawaru.
 11040 | Bailey   | Noticed a smoke demon
 11045 | Bailey   | Noticed an orange demon
 11045 | Bailey   | HP: 3/81 [burnt (7)]
 11045 | Bailey   | Killed from afar by a smoke demon

Vault maps used:
D:1:      wander_arrival_lonely_grave
D:2:      minmay_roachtagon
D:3:      first_ration, chequers_ecumenical_altar_simple, elyvilon_altar_5,
          uniq_robin, uniq_crazy_yiuf_cottage
D:4:      cheibrodos_fertilizer, kennysheep_mini_moat, minmay_fractal_squares_5
D:5:      grunt_dithmenos_smoke, lemuel_crystal_altar, basic_altar
D:6:      fedhas_altar_3, minmay_temple_entry_tees
D:7:      ebering_ghost_gozag, lightli_ossuary_entry_decrepit_ruins,
          grunt_ministairs_11, the_bakery
D:8:      minivault_26
D:9:      lair_entry_dummy, enter_bailey_3
Ossuary:  ossuary_tomb_1
Bailey:   bailey_axe_of_yendor_kennysheep, bailey

Skill      XL: |  1  2  3  4  5  6  7  8  9 10 |
---------------+-------------------------------+-----
Axes           | 2 3 4 5 6 |  6.2
Shields        | 3 4 5 6 6 |  6.5
Armour         | 3 4 5 6 6 |  6.6
Fighting       | 4 5 6 7 |  7.2
Dodging        | 1 2 |  2.2

Action                   |  1- 3 |  4- 6 |  7- 9 | 10-12 || total
-------------------------+-------+-------+-------+-------++-------
Melee: War axe           |   157 |   180 |   679 |    64 ||  1080
Invok: Sacrifice Arcana  |       |       |     1 |       ||     1
       Sacrifice Stealth |       |       |     1 |       ||     1
       Sacrifice Skill   |       |       |     1 |       ||     1
       Draw Out Power    |       |       |       |     1 ||     1
Evoke: Wand              |       |       |     4 |     4 ||     8
  Use: Scroll            |       |       |    12 |       ||    12
 Stab: Distracted        |       |       |       |     1 ||     1
       Invisible         |       |       |       |     1 ||     1
  Eat: Chunk             |     3 |     7 |    29 |     1 ||    40
       Ration            |       |       |     2 |       ||     2
Armor: Scale mail        |    89 |       |       |       ||    89
       Chain mail        |    29 |   108 |   387 |    44 ||   568
Dodge: Dodged            |    59 |    34 |   204 |    50 ||   347
Block: Shield            |   115 |    87 |   419 |    62 ||   683

Table legend:
 A = Non-vault XP
 B = Vault XP
 C = Vault XP percentage of total XP
 D = Non-vault monster count
 E = Vault monster count
 F = Vault count percentage of total count
                 A         B        C        D         E       F
            +---------+---------+-------+---------+---------+-------
      Total |    4421 |    1954 |  30.7 |     171 |     108 |  38.7
            +---------+---------+-------+---------+---------+-------
        D:1 |      23 |       0 |   0.0 |      16 |       0 |   0.0
        D:2 |      74 |      18 |  19.6 |      29 |       9 |  23.7
        D:3 |     119 |      47 |  28.3 |      21 |      14 |  40.0
        D:4 |     702 |     394 |  35.9 |      25 |      21 |  45.7
        D:5 |     646 |       0 |   0.0 |      22 |       0 |   0.0
        D:6 |     554 |       0 |   0.0 |      10 |       0 |   0.0
        D:7 |    1079 |     443 |  29.1 |      20 |       3 |  13.0
        D:8 |     773 |       0 |   0.0 |      21 |       0 |   0.0
        D:9 |     451 |       8 |   1.7 |       7 |       4 |  36.4
    Ossuary |       0 |     267 | 100.0 |       0 |      38 | 100.0
     Bailey |       0 |     777 | 100.0 |       0 |      19 | 100.0
            +---------+---------+-------+---------+---------+-------
